Map: Odyssey LE

Players

ZhuGeLiang

  • Race: Zerg Zerg
  • Spawn Location: 5:00

Ziggy - Winner!

  • Race: Terran Terran
  • Spawn Location: 11:00

Event: WCS Montreal 2017

VOD

Have the link to the VOD?

Description

Time

  • Played on: Sept. 8, 2017, 4:05 p.m.
  • Length: 19:17

All games in this series

Show
View Real Time Build Order
Export as new Build Order

ZhuGeLiang Zerg 

Build Orders: Pool First 

Get SALT Encoding   

  12  0:00  Drone  
  13  0:13  Overlord  
  13  0:17  Drone  
  14  0:31  Drone x2  
  14  0:35  Drone  
  17  0:44  Spawning Pool  
  17  0:47  Drone  
  17  0:52  Extractor  
  17  0:56  Drone  
  17  1:13  Hatchery  
  17  1:16  Drone  
  17  1:20  Drone  
  18  1:31  Queen  
  20  1:35  Drone  
  21  1:42  Overlord  
  21  1:49  Drone  
  22  1:54  Metabolic Boost  
  23  2:01  Zergling x2  
  23  2:07  Queen  
  25  2:12  Drone  
  26  2:22  Zergling x2  
  27  2:25  Queen  
  27  2:26  Drone  
  30  2:35  Drone  
  31  2:40  Drone x2  
  31  2:41  Drone x2  
  35  2:47  Drone  
  36  3:01  Hatchery  
  35  3:05  Overlord  
  35  3:07  Drone  
  35  3:11  Overlord  
  36  3:23  Drone  
  36  3:24  Drone x5  
  36  3:26  Queen  
  42  3:33  Queen  
  46  3:38  Drone x3  
  49  3:44  Drone  
  49  3:46  Overlord  
  49  3:47  Zergling x2  
  50  3:51  Zergling x2  
  51  3:57  Overlord  
  51  4:03  Queen  
  51  4:05  Zergling x8  
  57  4:10  Queen  
  57  4:12  Overlord  
  57  4:17  Queen  
  59  4:23  Drone x4  
  59  4:24  Drone  
  66  4:29  Overlord  
  66  4:37  Spore Crawler, Drone  
  66  4:38  Spore Crawler  
  66  4:40  Spore Crawler  
  66  4:41  Queen  
  66  4:48  Extractor, Roach Warren  
  66  4:49  Extractor  
  66  4:51  Extractor  
  66  4:52  Overlord  
  64  4:54  Drone  
  64  5:00  Overlord  
  64  5:01  Overlord  
  64  5:05  Overlord  
  64  5:13  Spine Crawler  
  63  5:19  Drone x5  
  68  5:28  Roach x8  
  83  5:44  Roach x5  
  83  5:48  Roach x2  
  83  5:49  Roach  
  98  5:53  Ravager x4  
  98  5:54  Ravager  
  103  6:03  Roach  
  103  6:04  Roach x3  
  111  6:08  Overlord  
  111  6:12  Ravager  
  111  6:16  Evolution Chamber  
  106  6:30  Drone x12  
  97  6:37  Zergling x6  
  76  6:41  Zergling x6  
  76  6:44  Zergling x2  
  71  6:51  Lair, Zerg Missile Weapons Level 1  
  71  6:54  Roach, Zergling x2  
  72  7:01  Roach x3  
  72  7:04  Roach  
  72  7:05  Roach  
  72  7:08  Roach  
  73  7:09  Roach  
  73  7:10  Roach  
  77  7:30  Evolution Chamber  
  77  7:31  Drone  
  77  7:32  Roach x3, Hatchery  
  82  7:45  Roach x6  
  94  7:54  Glial Reconstitution  
  94  7:57  Zerg Ground Armor Level 1  
  94  8:00  Queen, Infestation Pit  
  95  8:11  Roach  
  95  8:12  Roach x4  
  104  8:15  Ravager x3  
  107  8:26  Overlord x2  
  107  8:32  Overlord  
  107  8:33  Roach x4  
  115  8:40  Overlord x2  
  115  8:49  Roach x4  
  115  8:55  Roach x4  
  131  8:57  Ravager x2  
  131  9:00  Roach x2  
  137  9:11  Overseer  
  137  9:12  Roach x2  
  137  9:13  Roach x2  
  145  9:19  Roach x3  
  145  9:22  Roach  
  153  9:27  Roach x2  
  153  9:28  Overlord  
  157  9:45  Ravager x2, Overlord x2  
  159  9:46  Drone  
  159  9:47  Roach  
  159  9:49  Extractor, Drone x5  
  159  9:51  Extractor  
  159  9:52  Ravager, Drone  
  167  9:59  Roach  
  169  10:00  Roach x2  
  169  10:07  Roach x4  
  148  10:22  Roach x4  
  146  10:31  Roach x2  
  136  10:36  Roach x2  
  136  10:40  Roach  
  123  10:51  Drone x7  
  126  10:57  Drone x2  
  126  11:02  Hatchery  
  126  11:04  Hive  
  126  11:13  Drone x4  
  126  11:16  Zerg Missile Weapons Level 2  
  130  11:22  Drone  
  131  11:29  Overlord  
  131  11:31  Queen  
  132  11:44  Zerg Ground Armor Level 2  
  132  11:50  Drone x8  
  134  11:56  Drone x5  
  134  11:57  Hydralisk Den  
  130  12:03  Overlord  
  130  12:06  Roach x10  
  139  12:15  Viper x2  
  145  12:30  Muscular Augments  
  145  12:33  Extractor  
  145  12:35  Roach x6  
  156  12:45  Roach x6  
  156  12:46  Hatchery  
  167  12:56  Spore Crawler  
  167  12:57  Hydralisk x3  
  167  12:58  Spine Crawler x2  
  170  13:06  Roach x4  
  178  13:19  Roach x8  
  188  13:25  Roach x4  
  184  13:40  Roach  
  184  13:41  Roach x7  
  200  13:46  Zerg Missile Weapons Level 3  
  200  13:50  Overseer  
  168  14:24  Hydralisk x11  
  130  14:27  Roach x10  
  130  14:31  Roach x3  
  166  14:38  Roach x4  
  162  14:44  Roach x3  
  162  14:55  Spire  
  153  15:01  Hydralisk x2  
  153  15:02  Hatchery  
  156  15:14  Hydralisk  
  156  15:15  Hydralisk x3  
  156  15:21  Hydralisk x2  
  168  15:37  Viper  
  168  15:42  Extractor x2  
  169  15:48  Hydralisk  
  169  15:49  Hydralisk x4  
  179  15:55  Roach x4  
  187  16:17  Greater Spire  
  187  16:32  Corruptor x2  
  185  16:33  Hatchery, Corruptor x2  
  185  16:35  Hatchery  
  191  17:14  Zerg Melee Weapons Level 1  
  185  17:22  Overlord  
  185  17:23  Corruptor x5  
  185  17:34  Brood Lord x2  
  185  17:43  Brood Lord  
  180  18:07  Hydralisk x6  
  186  18:50  Spore Crawler  
  186  18:51  Spine Crawler  
  196  18:57  Drone x3  
Show
View Real Time Build Order
Export as new Build Order

Ziggy Terran - Winner!

Build Orders: Gas First Reaper Expand, Reaper Expand, Hellion Cyclone, Mech 

Get SALT Encoding   

  12  0:00  SCV  
  13  0:12  SCV  
  14  0:17  Supply Depot  
  14  0:24  SCV  
  15  0:31  Refinery  
  15  0:39  SCV  
  16  0:44  Barracks  
  16  0:51  SCV  
  17  1:03  SCV  
  18  1:15  SCV  
  19  1:31  Orbital Command, Reaper  
  20  1:41  Command Center  
  20  1:54  Factory  
  20  1:59  SCV  
  21  2:07  Supply Depot, Barracks Reactor  
  21  2:11  SCV  
  22  2:21  Refinery  
  22  2:24  SCV  
  23  2:36  SCV  
  24  2:46  Factory  
  24  2:48  SCV  
  25  2:53  Hellion x2  
  25  2:56  Orbital Command  
  29  3:00  SCV  
  29  3:03  Barracks Reactor  
  30  3:11  Supply Depot, Refinery  
  30  3:12  SCV  
  31  3:18  Hellion x2  
  35  3:24  SCV  
  36  3:29  Armory  
  36  3:36  SCV x2  
  36  3:39  Hellion  
  40  3:45  Cyclone  
  43  3:50  SCV  
  43  3:53  Cyclone  
  47  3:56  SCV  
  47  4:02  Supply Depot, SCV  
  49  4:07  Cyclone  
  52  4:12  Hellion  
  52  4:16  Terran Vehicle Weapons Level 1  
  54  4:24  SCV  
  55  4:25  Supply Depot  
  55  4:27  Supply Depot, SCV  
  56  4:36  Cyclone, SCV  
  60  4:47  Cyclone  
  60  4:48  Hellion  
  60  4:51  Cyclone  
  68  4:59  SCV x2  
  70  5:03  Supply Depot  
  70  5:09  Cyclone, Supply Depot  
  70  5:11  SCV x2  
  70  5:13  Hellion  
  77  5:24  Cyclone  
  77  5:27  Cyclone  
  83  5:32  SCV x2  
  83  5:34  Hellion  
  87  5:42  Hellion  
  89  5:47  SCV x2  
  89  5:52  Command Center  
  89  5:55  Cyclone  
  92  6:01  Supply Depot  
  92  6:03  Hellion  
  94  6:04  Cyclone  
  97  6:13  Terran Vehicle Weapons Level 2  
  97  6:14  Hellion  
  99  6:25  Hellion  
  91  6:28  Hellion  
  73  6:35  Hellion  
  73  6:36  Cyclone  
  66  6:45  SCV  
  66  6:46  Hellion  
  66  6:49  Hellion  
  66  6:52  SCV  
  66  6:57  Cyclone, SCV  
  70  7:04  SCV  
  70  7:07  Hellion  
  70  7:09  SCV, Hellion  
  70  7:13  Cyclone  
  77  7:17  SCV  
  77  7:21  Orbital Command, SCV  
  78  7:29  SCV, Hellion x2  
  83  7:30  Hellion  
  83  7:33  SCV  
  83  7:35  Refinery  
  86  7:41  SCV  
  87  7:45  SCV  
  87  7:46  Factory  
  87  7:47  Factory  
  88  7:55  Orbital Command, SCV  
  88  7:56  Factory  
  88  7:57  SCV, Hellion  
  92  7:59  Hellion  
  94  8:07  SCV  
  94  8:09  SCV  
  94  8:11  Cyclone  
  99  8:15  Hellion  
  99  8:18  Hellion  
  99  8:19  SCV  
  104  8:20  Hellion  
  104  8:24  SCV x2  
  108  8:33  Factory Tech Lab  
  108  8:35  Factory Tech Lab  
  108  8:36  Cyclone  
  108  8:38  SCV x2  
  108  8:39  Factory Tech Lab  
  113  8:46  Cyclone  
  113  8:47  Cyclone  
  113  8:48  SCV  
  119  8:50  SCV x2  
  119  8:52  Refinery  
  121  8:58  Engineering Bay  
  121  9:00  SCV  
  121  9:02  SCV x2  
  124  9:14  Supply Depot  
  124  9:24  SCV  
  124  9:27  Missile Turret  
  124  9:31  Missile Turret  
  125  9:35  Siege Tank, SCV, Hellion x2  
  133  9:45  Supply Depot  
  133  9:47  Cyclone, Siege Tank, Hellion  
  133  9:48  Supply Depot  
  141  9:54  SCV x2  
  141  9:56  SCV  
  141  9:58  Siege Tank  
  112  10:07  Siege Tank  
  112  10:08  SCV x2  
  101  10:17  Cyclone x2  
  101  10:19  Siege Tank  
  92  10:23  Hellion x2  
  86  10:30  Siege Tank  
  86  10:32  SCV  
  68  10:39  Orbital Command, Siege Tank  
  60  10:44  Hellion x2  
  60  10:49  Cyclone  
  64  10:52  SCV x2  
  69  10:57  Cyclone  
  69  11:04  SCV x2  
  69  11:08  Cyclone  
  74  11:16  SCV  
  74  11:17  Cyclone, SCV  
  74  11:18  Orbital Command  
  79  11:21  Siege Tank  
  82  11:28  SCV  
  82  11:29  SCV  
  82  11:30  Siege Tank  
  87  11:33  Hellion  
  89  11:41  SCV x2  
  89  11:46  SCV  
  92  11:48  Supply Depot  
  92  11:49  Supply Depot, Siege Tank  
  92  11:53  SCV x2  
  93  11:59  Hellion  
  93  12:00  SCV  
  93  12:01  Siege Tank  
  92  12:05  SCV  
  93  12:09  Cyclone, Supply Depot, SCV  
  93  12:12  SCV  
  93  12:13  Supply Depot  
  98  12:17  SCV  
  98  12:18  Supply Depot  
  98  12:20  Hellion x2  
  98  12:21  SCV  
  104  12:28  SCV  
  104  12:29  SCV  
  106  12:39  Refinery  
  106  12:41  Refinery  
  108  12:44  Hellion  
  108  12:54  Thor  
  108  12:55  Hellion  
  116  13:11  Cyclone  
  119  13:15  Command Center  
  119  13:18  Cyclone  
  119  13:19  Cyclone  
  115  13:28  Siege Tank  
  115  13:30  Hellion x2  
  122  13:43  Siege Tank  
  121  13:52  Siege Tank  
  121  13:55  Hellion x4  
  132  14:01  Refinery  
  129  14:03  Refinery  
  129  14:04  Supply Depot  
  129  14:05  Siege Tank  
  129  14:07  Orbital Command  
  107  14:28  Thor  
  107  14:29  Hellion  
  107  14:30  Hellion  
  115  14:39  Cyclone  
  115  14:41  Hellion  
  114  14:51  Siege Tank  
  114  14:52  Hellion x2  
  121  14:56  Hellion  
  123  15:02  SCV x3  
  123  15:03  Hellion  
  123  15:06  Terran Vehicle Weapons Level 3  
  128  15:11  Siege Tank  
  128  15:12  Hellion  
  133  15:14  SCV x3  
  133  15:17  Siege Tank  
  133  15:18  Hellion  
  133  15:19  Hellion  
  143  15:24  Hellion  
  143  15:28  SCV x2  
  147  15:29  Starport  
  147  15:31  Starport  
  147  15:33  Hellion  
  149  15:43  Cyclone x3  
  155  15:54  Hellion x2  
  155  15:56  Siege Tank  
  156  16:12  Viking x2  
  156  16:13  Cyclone  
  156  16:15  Hellion  
  156  16:16  Hellion  
  163  16:18  Hellion  
  163  16:22  Supply Depot  
  161  16:28  Hellion  
  147  16:34  Cyclone x2  
  147  16:39  Siege Tank  
  156  16:41  Hellion x2  
  156  16:45  Siege Tank  
  163  16:50  Hellion  
  163  16:51  Viking x2  
  169  16:58  Planetary Fortress  
  169  17:08  Refinery, Hellion x2  
  173  17:09  Refinery  
  173  17:21  Siege Tank x2  
  170  17:31  Cyclone x2  
  173  17:41  Viking x2  
  177  17:50  Siege Tank  
  180  17:57  Supply Depot  
  180  18:18  Viking x2, Cyclone  
  184  18:41  Supply Depot  
Tags
 
Add a new tag
Caveats
  • Supply blocks, unpowered buildings, or Contaminate may cause inaccurate times.
  • Supply counts are checked every 10 seconds.